 Dungeon Crawl Stone Soup version 0.20.0-10-g0535bb4 (webtiles) character file.

221 tilp the Firebug (level 5, -1/38 HPs)
             Began as a Hill Orc Fire Elementalist on June 7, 2017.
             Slain by raph's ghost (9 damage)
             ... on level 3 of the Dungeon.
             The game lasted 00:16:03 (4402 turns).

tilp the Firebug (Hill Orc Fire Elementalist)       Turns: 4402, Time: 00:16:05

Health: -1/38      AC:  3    Str: 11    XL:     5   Next: 98%
Magic:  0/9        EV: 12    Int: 16    God:
Gold:   183        SH:  0    Dex: 11    Spells: 1/9 levels left

rFire    . . .     SeeInvis .   f - +0 dagger
rCold    . . .     Gourm    .   (no shield)
rNeg     . . .     Faith    .   a - +0 robe
rPois    .         Spirit   .   d - +0 helmet
rElec    .         Reflect  .   (no cloak)
rCorr    .         Harm     .   (no gloves)
MR       .....                  (no boots)
Stlth    ++........             (no amulet)
Regen    0.2/turn               (no ring)
MPRegen  0.2/turn               (no ring)

@: no status effects
A: no striking features
a: no special abilities


You were on level 3 of the Dungeon.
You were hungry.

You visited 1 branch of the dungeon, and saw 4 of its levels.

You collected 183 gold pieces.

Inventory:

Hand Weapons
 f - a +0 dagger (weapon)
 t - a cursed -2 mace
Armour
 a - a +0 robe (worn)
 d - a +0 helmet (worn)
Jewellery
 o - a cursed amulet of inaccuracy {unknown}
 s - a cursed amulet of inaccuracy {unknown}
Scrolls
 g - a scroll of enchant armour {unknown}
 h - 3 scrolls of remove curse {unknown}
 j - a scroll of immolation {unknown}
 m - a scroll of teleportation {unknown}
 n - a scroll of blinking {unknown}
 q - a scroll of amnesia {unknown}
 u - a scroll of recharging {unknown}
Potions
 e - a potion of haste {unknown}
 k - 3 potions of heal wounds {unknown}
 l - 4 potions of lignification {unknown}
 p - a potion of brilliance {unknown}
Books
 b - a book of Flames

   Spells                             Type                      Level
   a - Flame Tongue                   Conjuration/Fire             1
   b - Throw Flame                    Conjuration/Fire             2
   c - Conjure Flame                  Conjuration/Fire             3
   d - Inner Flame                    Hexes/Fire                   3
   e - Sticky Flame                   Conjuration/Fire             4
   f - Fireball                       Conjuration/Fire             5
Comestibles
 c - 2 bread rations
 i - 3 fruits
 r - a chunk of flesh


   Skills:
 + Level 1.8 Short Blades
 - Level 1.5 Dodging
 - Level 1.5 Stealth
 * Level 2.9 Spellcasting
 * Level 2.8 Conjurations
 + Level 4.5 Fire Magic


You had one spell level left.
You knew the following spells:

 Your Spells              Type           Power        Failure   Level  Hunger
a - Flame Tongue          Conj/Fire      ##...        4%          1    #......
b - Conjure Flame         Conj/Fire      ##......     12%         3    ###....
c - Sticky Flame          Conj/Fire      ##......     38%         4    #####..


Dungeon Overview and Level Annotations

Branches:
Dungeon (4/15)
 Temple: D:4-7

Altars:
Elyvilon
Zin
The Shining One

Annotations:
D:3 raph's ghost, amateur MfGl


Message History

Aim: a phantom The flame tongue hits the phantom.
The phantom is lightly damaged.
The phantom hits you.
Casting: Flame Tongue
Confirm with . or Enter, or press ? or * to list all spells.
You don't have enough magic to cast that spell.
Unknown command.
You hit the phantom.
The phantom is lightly damaged.
Raph's ghost is engulfed in blazing flames.
Raph's ghost hits you!
You miss raph's ghost.
Raph's ghost is lightly damaged.
The phantom hits you!
* * * LOW HITPOINT WARNING * * *
The phantom blinks!
Raph's ghost is engulfed in blazing flames.
Raph's ghost hits you!
You die...

#.##############.# ###### #.#
#.# #..... # ####.###### ##.#
#.####
#####.....W...########...###.##
......##.####.............#...##
#####.##.# #W####.............#
.# #.##.# #.# .## ##.#))W### #W#
#....# #.####<.# #....)<..
##.....### #..W@ยง..# #.........
[ #....# #.####.W####.######## #
#...######............ #
#................####.########
#.#######.###............>## #.#
#..####.#####.## #.# #..# #.#
#.## ######.###..# #.# #.##
.............# #.# #.##


You could see a phantom and raph's ghost.

Vanquished Creatures
  An orc wizard (D:3)
  A worker ant (D:4)
  3 gnolls (D:2)
  5 adders
  An ooze (D:3)
  A worm (D:2)
  3 dart slugs
  2 leopard geckos
  7 orcs
  A ball python (D:3)
  4 bats
  5 giant cockroaches
  6 goblins
  11 hobgoblins
  4 jackals (D:1)
  2 quokkas
  8 frilled lizards
  9 kobolds
  4 rats
78 creatures vanquished.

Notes
Turn   | Place    | Note
-------+----------+-------------------------------------------
     0 | D:1      | tilp the Hill Orc Fire Elementalist began the quest for the Orb.
     0 | D:1      | Reached XP level 1. HP: 14/14 MP: 3/3
   249 | D:1      | Reached XP level 2. HP: 20/20 MP: 1/4
   390 | D:1      | Found a glowing golden altar of the Shining One.
   840 | D:1      | Reached XP level 3. HP: 26/26 MP: 4/6
   845 | D:1      | Learned a level 3 spell: Conjure Flame
  1333 | D:2      | Reached skill level 4 in Fire Magic
  1497 | D:2      | Reached XP level 4. HP: 27/33 MP: 1/7
  1884 | D:2      | Reached skill level 1 in Short Blades
  2084 | D:2      | Learned a level 4 spell: Sticky Flame
  2627 | D:2      | Found a white marble altar of Elyvilon.
  2628 | D:2      | Found a glowing silver altar of Zin.
  2839 | D:3      | Noticed raph's ghost (amateur MfGl)
  3083 | D:4      | Reached XP level 5. HP: 34/38 MP: 4/8
  3449 | D:3      | Noticed a phantom
  4402 | D:3      | Slain by raph's ghost

Skill      XL: |  1  2  3  4 |
---------------+-------------+-----
Spellcasting   | 2 |  2.9
Fire Magic     | 4 |  4.5
Short Blades   | 1 |  1.8
Conjurations   | 2 |  2.8
Dodging        | |  1.5
Stealth        | |  1.5

Action                   |  1- 3 |  4- 6 || total
-------------------------+-------+-------++-------
Melee: Dagger            |    95 |   152 ||   247
       Club              |     1 |       ||     1
 Cast: Flame Tongue      |    40 |    82 ||   122
       Conjure Flame     |       |     1 ||     1
 Stab: Sleeping          |     2 |     4 ||     6
  Eat: Chunk             |     3 |     7 ||    10
       Royal jelly       |       |     1 ||     1
Armor: Robe              |    28 |    34 ||    62
Dodge: Dodged            |    86 |   121 ||   207
